 Dungeon Crawl Stone Soup version 0.27-a0-978-g2aa4ecdaef (webtiles) character file.

Game seed: 11688115530781016790

74 leviel the Shield-Bearer (level 4, 0/41 HPs)
             Began as a Minotaur Fighter on Apr 14, 2021.
             Slain by a gnoll
             ... wielding a +0 halberd
              (3 damage)
             ... on level 2 of the Dungeon.
             The game lasted 00:01:28 (1506 turns).

leviel the Shield-Bearer (Minotaur Fighter)         Turns: 1506, Time: 00:01:28

Health: 0/41       AC:  7    Str: 22    XL:     4   Next: 10%
Magic:  3/3        EV:  7    Int:  5    God:
Gold:   120        SH:  9    Dex:  9    Spells: 3/3 levels left

rFire    . . .     SeeInvis .   a - +0 war axe
rCold    . . .     Faith    .   c - +0 kite shield
rNeg     . . .     Spirit   .   b - +0 scale mail
rPois    .         Reflect  .   (helmet restricted)
rElec    .         Harm     .   (no cloak)
rCorr    .         Rampage  .   (no gloves)
Will     .....                  (no boots)
Stlth    ..........             (no amulet)
HPRegen  0.13/turn              (no ring)
MPRegen  0.08/turn              (no ring)

@: mighty
A: horns 2, retaliatory headbutt
a: no special abilities


You were on level 2 of the Dungeon.
You visited 1 branch of the dungeon, and saw 2 of its levels.

You collected 120 gold pieces.

Inventory:

Hand Weapons
 a - a +0 war axe (weapon)
Armour
 b - a +0 scale mail (worn)
 c - a +0 kite shield (worn)
Scrolls
 e - 2 scrolls of identify {unknown}
 f - a scroll of enchant armour {unknown}
 g - a scroll of silence {unknown}
 k - a scroll of noise {unknown}
 l - a scroll of holy word {unknown}
 m - a scroll of torment {unknown}
Potions
 h - a potion of degeneration {unknown}
 i - a potion of brilliance {unknown}
 j - a potion of heal wounds {unknown}


   Skills:
 + Level 4.3 Fighting
 + Level 3.4 Axes
 + Level 4.3 Armour
 + Level 4.3 Shields


You had 3 spell levels left.
You didn't know any spells.
Your spell library was empty.

Dungeon Overview and Level Annotations

Branches:
Dungeon (2/15)

Altars:


Innate Abilities, Weirdness & Mutations

You have a pair of horns on your head.
You reflexively headbutt those who attack you in melee.


Message History

The gnoll shouts! x2
There are monsters nearby!
There are monsters nearby!
There are monsters nearby!
A gnoll comes into view. It is wielding a +0 flail.
You block the gnoll's attack. The gnoll hits you but does no damage.
You slash the gnoll! Your headbutt misses the gnoll.
The gnoll is severely wounded.
You hit the gnoll but do no damage. The gnoll hits you with a +0 halberd.
You block the gnoll's attack. The gnoll hits you with a +0 halberd.
You completely miss the gnoll.
The gnoll is severely wounded.
You completely miss the gnoll. You hit the gnoll but do no damage.
The gnoll hits you with a +0 flail! You block the gnoll's attack.
The gnoll closely misses you. The gnoll hits you with a +0 flail.
The gnoll hits you but does no damage.
You hit the gnoll.
You headbutt the gnoll, but do no damage.
The gnoll is almost dead.
You completely miss the gnoll. You hit the gnoll.
The gnoll hits you with a +0 halberd. You block the gnoll's attack.
The gnoll hits you but does no damage. The gnoll hits you with a +0 halberd.
The gnoll barely misses you. You block the gnoll's attack.
The gnoll closely misses you.
You see here 20 stones.
You feel very mighty all of a sudden.
You are too injured to fight recklessly!
The gnoll hits you from afar with a +0 halberd.
The gnoll hits you with a +0 flail.
You barely miss the gnoll. You headbutt the gnoll!
The gnoll is severely wounded.
You slash the gnoll!
You kill the gnoll!
The gnoll hits you from afar with a +0 halberd!
* * * LOW HITPOINT WARNING * * *
The gnoll hits you with a +0 flail.
* * * LOW HITPOINT WARNING * * *
The gnoll hits you from afar with a +0 halberd.
You die...

####.#.#..#.###.#
####.#†#..#.....#
.......#..#.#.#.#
..........#.<.#.## #
......###.#......##### .#
......# #.#..####....#####.####
......###......................
......##.>..#.#................
......##........@g.(...........
......###.#...#.#)g............
####......#.....#.....#.##.####
########.#.###.....#.# # #...#
#.#####.. ##### #.# #### #.#
### #.# #<# #.#


You could see 2 gnolls.

Vanquished Creatures
  2 adders (D:2)
  2 gnolls
  A worm (D:2)
  3 dart slugs
  5 ball pythons
  3 bats
  7 endoplasms (D:1)
  A giant cockroach (D:1)
  4 goblins
  2 jackals (D:1)
  A quokka (D:1)
  3 kobolds
  4 rats
38 creatures vanquished.

Notes
Turn   | Place    | Note
-------+----------+-------------------------------------------
     0 | D:1      | leviel the Minotaur Fighter began the quest for the Orb.
     0 | D:1      | Reached XP level 1. HP: 19/19 MP: 0/0
   311 | D:1      | Reached XP level 2. HP: 27/27 MP: 1/1
   384 | D:1      | Reached XP level 3. HP: 33/33 MP: 2/2
   630 | D:1      | Found a faded altar of an unknown god.
  1267 | D:2      | Reached XP level 4. HP: 34/41 MP: 3/3
  1506 | D:2      | Slain by a gnoll

Illustrated notes

Levels and vault maps discovered:
D:1:      lemuel_arrival_river_ford, layout_loops_ring,
          shapermc_ecumenical_altar_mp_vishouse
D:2:      layout_basic, minmay_goblin_kobold_house

Skill      XL: |  1  2 |
---------------+-------+-----
Armour         | 4 |  4.3
Shields        | 4 |  4.3
Fighting       | 4 |  4.3
Axes           | 3 |  3.4

Action                   |  1- 3 |  4- 6 || total
-------------------------+-------+-------++-------
Melee: War axe           |    63 |    10 ||    73
       Headbutt          |     8 |     3 ||    11
  Use: Potion            |       |     1 ||     1
Armor: Scale mail        |    25 |     5 ||    30
Dodge: Dodged            |    21 |     5 ||    26
Block: Kite shield       |    23 |     9 ||    32

Table legend: (Time is in decaauts)
 A = Elapsed time spent in this place.
 B = Non-inter-level travel time spent in this place.
 C = Inter-level travel time spent in this place.
 D = Time resting spent in this place.
 E = Time spent auto-exploring this place.
 F = Levels seen in this place.
 G = Mean time per level.
                   A        B        C        D        E       F      G
               +--------+--------+--------+--------+--------+-----+--------+
         Total |   1553 |   1486 |     67 |      0 |   1252 |   2 |  776.5 |
       Dungeon |   1553 |   1486 |     67 |      0 |   1252 |   2 |  776.5 |
               +--------+--------+--------+--------+--------+-----+--------+

Top non-repeatable levels by time:
     D:1: 938 daAuts
     D:2: 614 daAuts
